AoeStats
← So sad

Nomad

508481575Analyzed
3v3 RM · 8d ago on Sep 22, 2026· 34m 22s· 6 players
Game mode
Random Map
Map size
210×210
Population
200
Speed
Normal
Resources
Standard
Victory
Conquest
Starting age
Dark Age
Ending age
Imperial Age
RankedLock teamsTeams togetherTeam positionsShared explorationLock speedFull tech treeHidden civsTurbo modeCheats
Victory
Defeat
🇺🇦 Saxons · Ukraine
1365
+16
🇧🇾 Varangians · Belarus
1357
+16
🇧🇾 Koreans · Belarus
1350
+16
🇦🇷 Varangians · Argentina
1371
-17
🇦🇺 Italians · Australia
1363
-16
🇮🇳 Danes · India
1334
-15
the_fever
5:00 Loom
12:43 Feudal Age
13:44 Double-Bit Axe
17:52 Town Watch
20:48 Castle Age
18:51 Fishing Lines
19:23 Fletching
20:12 Gold Mining
20:27 Horse Collar
24:03 Wheelbarrow
23:13 Town Watch
24:17 Bodkin Arrow
RockAxe2
4:29 Loom
13:36 Feudal Age
17:49 Castle Age
15:59 Horse Collar
16:04 Fishing Lines
15:59 Man-at-Arms
16:30 Double-Bit Axe
18:44 Bow Saw
18:36 Heavy Plow
22:36 Scale Mail Armor
23:44 Chain Mail Armor
25:05 Wheelbarrow
24:43 Town Watch
29:41 Squires
29:26 Arson
29:57 Gambesons
33:59 Forging
37:11 Imperial Age
Boga
7:09 Loom
12:19 Feudal Age
13:09 Double-Bit Axe
15:00 Town Watch
15:05 Town Watch
15:13 Town Watch
18:47 Castle Age
16:43 Horse Collar
18:34 Town Watch
23:31 Wheelbarrow
26:34 Hand Cart
30:01 Imperial Age
30:05 Fletching
32:25 Conscription
HURMA
4:56 Loom
15:54 Feudal Age
16:26 Fishing Lines
16:32 Fishing Lines
17:32 Fletching
19:01 Wheelbarrow
18:10 Horse Collar
18:17 Double-Bit Axe
22:56 Castle Age
21:05 Town Watch
22:08 Gold Mining
22:08 Stone Mining
23:47 Medium Warships
23:27 Gillnets
23:47 Medium Warships
23:27 Gillnets
25:47 Stone Shaft Mining
25:49 Bow Saw
26:45 Hand Cart
28:21 Forging
28:40 Scale Barding Armor
31:37 Imperial Age
30:21 Chain Barding Armor
30:36 Iron Casting
30:16 Husbandry
31:57 Bloodlines
35:40 Two-Man Saw
So sad
3:32 Loom
14:26 Feudal Age
15:42 Town Watch
15:46 Fishing Lines
18:18 Castle Age
16:46 Fletching
19:01 Bodkin Arrow
18:52 Crossbowman
26:40 Scale Barding Armor
NiL
7:13 Loom
13:17 Feudal Age
14:20 Fishing Lines
17:19 Castle Age
16:11 Scale Mail Armor
16:21 Forging
16:52 Horse Collar
17:13 Arson
18:03 Squires
18:03 Gambesons
19:54 Double-Bit Axe
21:03 Fletching
21:59 Chain Mail Armor
22:53 Iron Casting
26:32 Gold Mining
26:40 Gillnets
27:46 Medium Warships
29:30 Wheelbarrow
28:40 Town Watch
33:05 Bow Saw
Connection lost

Rejoining the realm…

Still unreachable

The connection could not be restored.

Session expired

The server has moved on; the page needs a fresh start.